 Dungeon Crawl Stone Soup version 0.28-a0-983-g1de4e0787c (webtiles) character file.

Game seed: 5268469556454999468

207 Anon1729 the Poker (level 5, -10/42 HPs)
             Began as a Merfolk Monk on Dec 2, 2021.
             Was an Initiate of Gozag.
             Killed from afar by Ijyb (13 damage)
             ... with an iceblast
             ... on level 3 of the Dungeon.
             The game lasted 00:03:21 (3643 turns).

Anon1729 the Poker (Merfolk Monk)                   Turns: 3643, Time: 00:03:22

Health: -10/42     AC:  3    Str: 13    XL:     5   Next: 85%
Magic:  5/5        EV: 14    Int:  9    God:    Gozag
Gold:   417        SH:  0    Dex: 17    Spells: 4/4 levels left

rFire   . . .      SeeInvis .   a - +0 spear
rCold   . . .      Faith    .   (no shield)
rNeg    . . .      Spirit   .   b - +0 robe
rPois   .          Reflect  .   l - +0 helmet
rElec   .          Harm     .   (no cloak)
rCorr   .          Rampage  .   (no gloves)
Will    .....                   (no boots)
Stlth   +++.......              (no amulet)
HPRegen 0.14/turn               (no ring)
MPRegen 0.09/turn               (no ring)

@: gold aura
A: (nimble swimmer 2), mertail
a: Renounce Religion, Potion Petition, Call Merchant, Bribe Branch


You were on level 3 of the Dungeon.
You worshipped Gozag.
Gozag was aware of your devotion.
You visited 1 branch of the dungeon, and saw 3 of its levels.

You collected 417 gold pieces.

Inventory:

Hand Weapons
 a - a +0 spear (weapon)
Armour
 b - a +0 robe (worn)
 d - a +0 chain mail
 l - a +0 helmet (worn)
Jewellery
 e - a ring of fire
Scrolls
 c - a scroll of identify
 f - a scroll of enchant weapon {unknown}
 h - a scroll of torment {unknown}
 k - a scroll of teleportation {unknown}
 m - a scroll of acquirement {unknown}
Potions
 g - a potion of curing {unknown}
 i - a potion of heal wounds {unknown}


   Skills:
 + Level 4.2 Fighting
 * Level 6.7 Polearms
 + Level 5.1 Dodging
 + Level 3.6 Stealth


You had 4 spell levels left.
You didn't know any spells.
Your spell library contained the following spells:

 Spells                   Type           Power      Damage    Failure   Level
 Conjure Flame            Conj/Fire      0%         6-21      77%         3
 Ignite Poison            Fire/Tmut/Pois 0%         N/A       77%         3
 Sticky Flame             Conj/Fire      0%         2d3       99%         4


Dungeon Overview and Level Annotations

Branches:
Dungeon (3/15)

Altars:
Gozag

Annotations:
D:3 Ijyb, Natasha, Sigmund


Innate Abilities, Weirdness & Mutations

((You are quick and stealthy near water. (Stealth+, EV+, Speed+++)))
Your lower body shifts to a powerful aquatic tail in water.


Message History

The howler monkey is lightly wounded.
The howler monkey barely misses you.
You barely miss the howler monkey.
The howler monkey is lightly wounded.
The howler monkey barely misses you.
You hit the howler monkey.
The howler monkey is moderately wounded.
The howler monkey completely misses you.
You puncture the howler monkey!
The howler monkey is severely wounded.
The howler monkey hits you but does no damage.
You closely miss the howler monkey.
The howler monkey is severely wounded.
The howler monkey misses you.
You barely miss the howler monkey.
The howler monkey is severely wounded.
The howler monkey hoots and howls with incredible vigour!
You closely miss the howler monkey.
The howler monkey is severely wounded.
The howler monkey barely misses you.
Ijyb the Twisted Goblin comes into view.
She is wielding a +0 club and carrying a wand of iceblast (9).
Ijyb shouts!
You hit the howler monkey.
The howler monkey is severely wounded.
The howler monkey hits you.
You barely miss the howler monkey.
The howler monkey is severely wounded.
Ijyb zaps a wand.
The mass of ice explodes!
The iceblast engulfs you! The howler monkey barely misses you.
You hit the howler monkey.
You kill the howler monkey!
Ijyb zaps a wand.
The mass of ice explodes!
The iceblast engulfs you!!
* * * LOW HITPOINT WARNING * * *
You are too injured to fight recklessly!
Ijyb is nearby!
Ijyb is nearby!
There is a stone staircase leading up here.
Ijyb zaps a wand.
The mass of ice explodes!
The iceblast engulfs you!
You die...
Your body crumbles into a pile of gold.

###########
##...#...#.####
##.............#
#.....$..g..# #
#..........[##.####
#..................
##.@..<.....####.#
##...#...#..###.#
#######.##...#.#
#.####...### ..#
##....# ..# ###...
...# #####... ...
......... ########.


You could see Ijyb.

Vanquished Creatures
  A howler monkey (D:3)
  Natasha (twice) (D:3)
  Robin (D:3)
  2 adders (D:2)
  A gnoll (D:1)
  A worm (D:3)
  A dart slug (D:2)
  4 orcs (D:3)
  3 ball pythons
  4 bats
  4 endoplasms
  A giant cockroach (D:3)
  17 goblins
  4 hobgoblins
  3 jackals (D:1)
  5 kobolds
  7 quokkas
  A frilled lizard (D:2)
  7 rats
69 creatures vanquished.

Vanquished Creatures (others)
  17 plants (D:3)
17 creatures vanquished.

Grand Total: 86 creatures vanquished

Notes
Turn   | Place    | Note
-------+----------+-------------------------------------------
     0 | D:1      | Anon1729 the Merfolk Monk began the quest for the Orb.
     0 | D:1      | Reached XP level 1. HP: 18/18 MP: 1/1
    69 | D:1      | Reached XP level 2. HP: 17/24 MP: 2/2
   417 | D:1      | Reached skill level 5 in Polearms
   513 | D:1      | Found a faded altar of an unknown god.
   517 | D:1      | Prayed at the altar of an unknown god.
   517 | D:1      | Became a worshipper of Gozag Ym Sagoz the Greedy
   558 | D:1      | Reached XP level 3. HP: 29/29 MP: 3/3
  1424 | D:2      | Reached XP level 4. HP: 37/37 MP: 4/4
  2164 | D:3      | Noticed Natasha
  2179 | D:3      | Killed Natasha
  2384 | D:3      | Noticed Robin
  2388 | D:3      | Reached skill level 6 in Polearms
  2879 | D:3      | Reached XP level 5. HP: 39/42 MP: 5/5
  2947 | D:3      | Killed Robin
  2988 | D:3      | Noticed Sigmund
  3349 | D:3      | Noticed Natasha
  3383 | D:3      | Killed Natasha
  3384 | D:3      | Reached skill level 5 in Dodging
  3496 | D:3      | Noticed Natasha
  3635 | D:3      | Noticed Ijyb
  3638 | D:3      | HP: 2/42 [Ijyb/iceblast (20)]
  3643 | D:3      | Killed from afar by Ijyb

Illustrated notes

Levels and vault maps discovered:
D:1:      wander_arrival_fairy_ring, layout_loops_ring,
          nicolae_ecumenical_lake_church
D:2:      layout_loops_ring
D:3:      layout_rooms, serial_bayou_lagoon_a, uniq_robin, uniq_ijyb,
          uniq_natasha, uniq_grinder, uniq_sigmund

Skill      XL: |  1  2  3  4  5 |
---------------+----------------+-----
Polearms       | 5 6 |  6.7
Stealth        | 3 |  3.6
Fighting       | 4 |  4.2
Dodging        | 5 |  5.1

Action                   |  1- 3 |  4- 6 || total
-------------------------+-------+-------++-------
Melee: Spear             |   105 |   206 ||   311
  Use: Potion            |       |     3 ||     3
       Scroll            |       |     1 ||     1
 Stab: Sleeping          |    13 |     3 ||    16
       Distracted        |       |     2 ||     2
Armor: Robe              |     4 |    24 ||    28
       Skin              |       |    11 ||    11
Dodge: Dodged            |    40 |   115 ||   155

Table legend: (Time is in decaauts)
 A = Elapsed time spent in this place.
 B = Non-inter-level travel time spent in this place.
 C = Inter-level travel time spent in this place.
 D = Time resting spent in this place.
 E = Time spent auto-exploring this place.
 F = Levels seen in this place.
 G = Mean time per level.
                   A        B        C        D        E       F      G
               +--------+--------+--------+--------+--------+-----+--------+
         Total |   3586 |   3526 |     60 |    894 |   2055 |   3 | 1195.3 |
       Dungeon |   3586 |   3526 |     60 |    894 |   2055 |   3 | 1195.3 |
               +--------+--------+--------+--------+--------+-----+--------+

Top non-repeatable levels by time:
     D:2: 1640 daAuts
     D:3: 1034 daAuts
     D:1: 911 daAuts
